 Dungeon Crawl Stone Soup version 0.17-a0-1430-g49fde19 (webtiles) character file.

78 urechis the Insei (level 4, -9/24 HPs)
             Began as a Vine Stalker Monk on June 25, 2015.
             Mangled by Crazy Yiuf
             ... wielding a +4 quarterstaff of chaos
              (13 damage)
             ... on level 2 of the Dungeon.
             The game lasted 00:02:28 (1443 turns).

urechis the Insei (Vine Stalker Monk)               Turns: 1443, Time: 00:02:28

Health: -9/24      AC:  4    Str: 13    XL:     4   Next: 36%
Magic:  0/5        EV: 13    Int: 10    God:
Gold:   116        SH:  0    Dex: 18    Spells: 0 memorised, 3 levels left

rFire  . . .     SeeInvis .       - Unarmed
rCold  . . .     Clarity  .     j - +0 leather armour
rNeg   . . .     SustAt   .     (no shield)
rPois  .         Gourm    .     k - +0 helmet
rElec  .         Spirit   +     (no cloak)
rCorr  .         Warding  .     (no gloves)
rMut   .         Stasis   .     (no boots)
MR     +....                    e - amulet of regeneration
Stlth  +++.......               (no ring)
                                a - ring of protection from magic

@: somewhat resistant to hostile enchantments, fairly stealthy
A: fangs 2, regeneration 1, magic shield, antimagic bite, no device heal 3, rot
immunity
a: no special abilities


You were on level 2 of the Dungeon.
You were not hungry.

You visited 1 branch of the dungeon, and saw 2 of its levels.

You collected 116 gold pieces.

Inventory:

Armour
 j - a +0 leather armour (worn)
 k - a +0 helmet (worn)
Jewellery
 a - a ring of protection from magic (left hand)
 e - an amulet of regeneration (around neck)
Scrolls
 c - 2 scrolls of remove curse
 g - a scroll of blinking {unknown}
 l - a scroll of identify {unknown}
Potions
 d - 2 potions of curing
 f - a potion of cure mutation {unknown}
 i - 2 potions of flight {unknown}
 o - a potion of brilliance {unknown}
Comestibles
 b - 2 bread rations
 h - 2 meat rations
 m - 3 fruits
 n - a chunk of flesh


   Skills:
 + Level 3.3 Fighting
 - Level 2.4 Dodging
 * Level 4.3 Stealth
 + Level 4.4 Unarmed Combat


You had 3 spell levels left.
You didn't know any spells.

Dungeon Overview and Level Annotations

Branches:
Dungeon (2/15)

Altars:
Okawaru

Annotations:
D:2 Crazy Yiuf


Innate Abilities, Weirdness & Mutations

You have extremely sharp teeth.
Your natural rate of healing is unusually fast.
When hurt, damage is shared between your health and your magic reserves.
Your bite disrupts and absorbs the magic of your enemies.
Potions and wands cannot restore your health.
You are immune to rotting.


Message History

You see here a hammer.
You hit Crazy Yiuf but do no damage. Your bite misses Crazy Yiuf.
You hit Crazy Yiuf. You bite Crazy Yiuf, but do no damage.
Crazy Yiuf is lightly wounded.
Crazy Yiuf hits you with a quarterstaff of chaos.
Crazy Yiuf draws strength from your injuries!
You closely miss Crazy Yiuf.
Crazy Yiuf hits you with a quarterstaff of chaos!
Crazy Yiuf freezes you.
You see here a hammer.
You hit Crazy Yiuf.
Crazy Yiuf is lightly wounded.
Crazy Yiuf hits you with a quarterstaff of chaos.
Drink which item? (? for menu, Esc to quit)
It was a potion of curing.
You feel better.
Crazy Yiuf hits you with a quarterstaff of chaos.
* * * LOW HITPOINT WARNING * * *
You are electrocuted!
Ouch! That really hurt!
You die...

#........# #
####### #.###....#
##### #
......#####.#
#....# ##...## #
##.##.......#
♣.♣PP♣ #.....###
#.#######..# ♣)PP♣♣
#........ #.# #.##
♣♣)♣♣ #.....### #>#
#.# ♣)♣♣ ##.†)÷...
#.## #.# ♣♣)♣
#####.#.### #..#
#.# ♣@♣♣ #.....#.#
#..# #.# ♣♣g♣
#######.# ###.# #.#
#)# #.### #...###
#.# ))) #...<
......####.# #)))#
#.)## #..........#
#).)# #..#
#..##......# #####
#..# #..##..###.##
#######..#
...##..##...#######
#........#


You could see Crazy Yiuf.

Vanquished Creatures
  Natasha (twice) (D:2)
  An adder (D:2)
  An ooze (D:2)
  A worm (D:2)
  4 bats (D:2)
  A giant cockroach (D:2)
  3 goblins (D:2)
  9 hobgoblins
  4 giant newts
  2 kobolds (D:1)
  A rat (D:1)
  A fungus (D:2)
30 creatures vanquished.

Notes
Turn   | Place    | Note
--------------------------------------------------------------
     0 | D:1      | urechis the Vine Stalker Monk began the quest for the Orb.
     0 | D:1      | Reached XP level 1. HP: 11/11 MP: 2/2
   594 | D:1      | Reached XP level 2. HP: 10/16 MP: 3/3
   893 | D:2      | Reached XP level 3. HP: 14/19 MP: 4/4
  1173 | D:2      | Found an iron altar of Okawaru.
  1259 | D:2      | Noticed Natasha
  1264 | D:2      | Killed Natasha
  1264 | D:2      | Reached XP level 4. HP: 24/24 MP: 5/5
  1339 | D:2      | Noticed Natasha
  1347 | D:2      | Killed Natasha
  1435 | D:2      | Noticed Crazy Yiuf
  1443 | D:2      | Mangled by Crazy Yiuf

Vault maps used:
D:1:      evilmike_arrival_fibonacci_small, st_stairs_14, minivault_11,
          minmay_box_of_dots
D:2:      lemuel_upstairs_altar, old_standard_altar, minmay_ruptured,
          uniq_crazy_yiuf_cottage, uniq_natasha

Action                   |  1- 3 |  4- 6 || total
-------------------------+-------+-------++-------
Melee: Unarmed           |    75 |    20 ||    95
  Use: Scroll            |     1 |       ||     1
       Potion            |       |     1 ||     1
 Stab: Sleeping          |     6 |     1 ||     7
  Eat: Chunk             |     1 |     1 ||     2
